 Dungeon Crawl Stone Soup version 0.31.0-11-ge490571c62 (webtiles) character file.

Game seed: 10961814434644240638

296 safid the Ruffian (level 6, -2/48 HPs)
             Began as a Draconian Shapeshifter on Feb 8, 2024.
             Slain by a mummy (14 damage)
             ... in an ossuary.
             The game lasted 00:02:41 (1565 turns).

safid the Ruffian (Draconian Shapeshifter)          Turns: 1565, Time: 00:02:42

Health: -2/48      AC:  6    Str: 18    XL:     6   Next: 12%
Magic:  6/6        EV: 12    Int: 10    God:
Gold:   84         SH:  0    Dex: 11    Spells: 5/5 levels left

rFire   . .          .
                       - Unarmed
rCold   . . .        (no shield)
rNeg    . . .        (body armour unavailable)
rPois   .            (helmet currently unavailable)
rElec   .            (cloak currently unavailable)
rCorr   .            (gloves currently unavailable)
SInv    .            (boots currently unavailable)
Will    .....        (no amulet)
Stlth   +            (no ring)
HPRegen 0.28/turn    (no ring)
MPRegen 0.10/turn

%: no passive effects
@: beast-form
A: beast (slay +2), AC +6, unfitting armour, cold-blooded
a: Begin Untransformation


You were in an ossuary.
You were a hulking beast.
You visited 1 branch of the dungeon, and saw 3 of its levels.
You also visited: Ossuary.

You collected 84 gold pieces.

Inventory:

Talismans
 b - a beast talisman
 c - a flux talisman
Scrolls
 a - 2 scrolls of blinking {unknown}
 e - a scroll of enchant armour {unknown}
 f - a scroll of fog {unknown}


   Skills:
 + Level 1.6 Fighting
 - Level 2.0 Dodging
 + Level 5.8 Unarmed Combat
 + Level 4.2 Shapeshifting


You had 5 spell levels left.
You didn't know any spells.
Your spell library was empty.

Dungeon Overview and Level Annotations

Branches:
Dungeon (2/15)            Ossuary (1/1)

Altars:

Shops:
D:2 !

Annotations:
D:2 Robin


Innate Abilities, Weirdness & Mutations

You are a hulking beast.
Your limbs bulge with bestial killing power. (Slay +2)
Your plain brown scales are hard. (AC +6)
You cannot fit into any form of body armour.
You are cold-blooded and may be slowed by cold attacks.


Message History

You are too injured to fight recklessly!
You are too injured to fight recklessly!
You are too injured to fight recklessly!
You are too injured to fight recklessly!
You are too injured to fight recklessly!
You are too injured to fight recklessly!
You are too injured to fight recklessly!
You are too injured to fight recklessly!
Unknown command.
You completely miss the human zombie.
The human zombie is almost destroyed.
The jackal zombie closely misses you. The human zombie hits you.
* * * LOW HITPOINT WARNING * * *
The jackal zombie bites you.
* * * LOW HITPOINT WARNING * * *
Unknown command.
You punch the human zombie!
You destroy the human zombie!
The jackal zombie barely misses you.
You have reached level 6!
Your scales feel tougher.
You hit the jackal zombie. You tail-slap the jackal zombie.
You destroy the jackal zombie!
You closely miss the elf zombie.
The elf zombie is lightly damaged.
The sentinel's mark upon you fades away.
The elf zombie barely misses you.
You barely miss the mummy. The elf zombie hits you.
* * * LOW HITPOINT WARNING * * *
You punch the mummy!
The mummy is heavily damaged.
The mummy hits you but does no damage.
Unknown command.
You hit the mummy. You tail-slap the mummy.
The mummy is severely damaged.
The elf zombie hits you but does no damage.
You hit the mummy but do no damage.
The mummy is severely damaged.
The mummy hits you!
You die...

##################
......∩∩..MMZZ...#
..........hZZZZ..#
##############Z..#
#...# #Z..# #...#
#...# #...# #...
#Z..# ##... #...#


You could see 2 mummies, a gnoll zombie, a kobold zombie, 4 orc zombies and an
elf zombie.

Vanquished Creatures
  2 centaur zombies (Ossuary)
  A human zombie (Ossuary)
  An orc priest (D:2)
  6 hound zombies (Ossuary)
  A mummy (D:4)
  3 adder zombies (Ossuary)
  A dart slug (D:1)
  4 orcs (D:2)
  6 ball pythons (D:1)
  4 endoplasms
  A giant cockroach (D:1)
  9 goblins
  4 hobgoblins (D:1)
  A quokka (D:1)
  5 bats (D:1)
  2 frilled lizards (D:1)
  3 gnoll zombies (Ossuary)
  3 jackal zombies (Ossuary)
  2 kobolds (D:1)
  2 kobold zombies (Ossuary)
  6 orc zombies
  3 rats (D:1)
70 creatures vanquished.

Notes
Turn   | Place    | Note
-------+----------+-------------------------------------------
     0 | D:1      | safid the Draconian Shapeshifter began the quest for the
                  | Orb.
     0 | D:1      | Reached XP level 1. HP: 16/16 MP: 1/1
   295 | D:1      | Reached XP level 2. HP: 23/23 MP: 2/2
   569 | D:1      | Reached XP level 3. HP: 28/28 MP: 3/3
  1168 | D:2      | Reached skill level 4 in Unarmed Combat
  1168 | D:2      | Reached XP level 4. HP: 28/35 MP: 4/4
  1303 | D:2      | Noticed Robin
  1315 | D:2      | Found Petafaj's Distillery.
  1318 | D:2      | You fall into a shaft and drop 2 floors!
  1351 | D:4      | Found a sand-covered staircase.
  1362 | Ossuary  | Entered an ossuary
  1503 | Ossuary  | Reached XP level 5. HP: 26/40 MP: 5/5
  1510 | Ossuary  | Reached skill level 5 in Unarmed Combat
  1560 | Ossuary  | Reached XP level 6. HP: 13/48 MP: 6/6
  1565 | Ossuary  | Slain by a mummy

Illustrated notes

Levels and vault maps discovered:
D:1:      minmay_arrival_shattered_statue, layout_loops_corners, minmay_vboxes
D:2:      layout_rooms, serial_shops, shop, uniq_robin, uniq_crazy_yiuf_cottage
D:4:      layout_gridville, nicolae_ossuary_entry_giza, minmay_divided_ellipse,
          uniq_pikel
Ossuary:  ossuary_tomb_1

Skill      XL: |  1  2  3  4  5 |
---------------+----------------+-----
Dodging        | 2 |  2.0
Unarmed Combat | 4 5 |  5.8
Shapeshifting  | 4 |  4.2
Fighting       | |  1.6

Action                     |  1- 3 |  4- 6 || total
---------------------------+-------+-------++-------
  Melee: Unarmed           |    87 |   143 ||   230
         Tailslap          |    13 |    23 ||    36
         Punch             |     2 |     4 ||     6
    Use: Potion            |     2 |       ||     2
   Stab: Sleeping          |     2 |       ||     2
 Armour: Skin              |    50 |   115 ||   165
  Dodge: Dodged            |    57 |   138 ||   195
